 Dungeon Crawl Stone Soup version 0.31-a0-1074-g0b22e4e0f1 (webtiles) character file.

Game seed: 2743931123273296515

849 Anonymone the Stinger (level 7, -7/41 (46) HPs)
             Began as a Demonspawn Venom Mage on Dec 7, 2023.
             Was an Initiate of Vehumet.
             Mangled by a gnoll
             ... wielding a +0 halberd
              (9 damage)
             ... on level 6 of the Dungeon.
             The game lasted 00:12:01 (5792 turns).

Anonymone the Stinger (Demonspawn Venom Mage)       Turns: 5792, Time: 00:12:02

HP:   -7/41 (46)    AC:  7    Str:  9    XL:     7   Next: 69%
MP:   11/11         EV: 12    Int: 28    God:    Vehumet [......]
Gold: 232           SH:  0    Dex: 13    Spells: 1/11 levels left

rFire   . . .        q - +5 hand axe
rCold   . . .        (no shield)
rNeg    . . .        a - +0 robe
rPois   .            (no helmet)
rElec   .            (no cloak)
rCorr   .            i - +2 pair of gloves
SInv    .            h - +1 pair of boots
Will    .....        (no amulet)
Stlth   ++           o - +6 ring of intelligence
HPRegen 0.26/turn    (no ring)
MPRegen 0.12/turn

%: no passive effects
@: about to teleport, heavily drained
A: powered by pain 2, big brain 2, demonic touch 1
a: Renounce Religion


You were on level 6 of the Dungeon.
You worshipped Vehumet.
Vehumet was noncommittal.
You visited 2 branches of the dungeon, and saw 7 of its levels.

You collected 232 gold pieces.

Inventory:

Hand Weapons
 q - a +5 hand axe (weapon)
Armour
 a - a +0 robe (worn)
 e - a +0 ring mail
 h - a +1 pair of boots (worn)
 i - a +2 pair of gloves (worn)
Jewellery
 o - a +6 ring of intelligence (left hand)
Wands
 u - a wand of iceblast (7)
Scrolls
 d - a scroll of identify
 l - a scroll of poison
Potions
 b - a potion of magic
 c - a potion of haste {unknown}
 f - a potion of brilliance
 j - 2 potions of enlightenment
 k - a potion of heal wounds
 m - a potion of cancellation
 n - 2 potions of curing
 p - a potion of attraction
 t - a potion of might


   Skills:
 + Level 3.1 Axes
 - Level 2.0 Dodging
 - Level 2.0 Stealth
 - Level 2.7 Spellcasting
 - Level 4.0 Conjurations
 - Level 1.8 Transmutations
 - Level 3.9 Air Magic
 * Level 4.6 Poison Magic


You had one spell level left.
You knew the following spells:

 Your Spells              Type           Power      Damage    Failure   Level
a - Sting                 Tmut/Pois      88%        1d7       2%          1
b - Poisonous Vapours     Pois/Air       54%        N/A       2%          2
c - Mephitic Cloud        Conj/Pois/Air  27%        N/A       4%          3
d - Olgreb's Toxic Radia  Pois           29%        N/A       12%         4

Your spell library contained the following spells:

 Spells                   Type           Power      Damage    Failure   Level


Dungeon Overview and Level Annotations

Branches:
Dungeon (6/15)             Temple (1/1) D:4

Altars:
Ashenzari
Cheibriados
Dithmenos
Fedhas
Gozag
Hepliaklqana
Kikubaaqudgha
Nemelex Xobeh
Okawaru
Qazlal
Ru
Sif Muna
Vehumet
Wu Jian
Xom


Innate Abilities, Weirdness & Mutations

You sometimes gain power by taking damage.
You have an extremely huge brain. (Int +4)
Your touch may inflict minor irresistible damage on your foes.


Message History

The gnoll is almost dead.
You kill the gnoll!
Vehumet accepts your kill.
Unknown command.
You climb upwards.
There is a stone staircase leading down here.
You see here a +0 giant club.
You start resting.
HP restored.
You start resting.
Magic restored.
There is a stone staircase leading down here.
You climb downwards.
The gnoll shouts! x2; You hear a shout!
You hear a bark!
The wight hits you with a +3 dagger. The gnoll barely misses you.
Found a cloak, 5 large rocks, a red potion and a robe.
Found a stone staircase leading down.
There is a stone staircase leading up here.
As you read the scroll of teleportation, it crumbles to dust.
You feel strangely unstable.
The wight hits you with a +0 dire flail!
You feel drained. The wight hits you with a +3 dagger.
You feel drained. The gnoll hits you with a +0 halberd.
* * * LOW HITPOINT WARNING * * *
The gnoll completely misses you. The wight barely misses you.
The wight attacks as it pursues you! The wight hits you with a +3 dagger.
* * * LOW HITPOINT WARNING * * *
You feel drained.
* * * LOW HITPOINT WARNING * * *
The gnoll misses you. The gnoll hits you but does no damage.
There is a stone staircase leading down here.
The gnoll shouts!
The wight attacks as it pursues you! The wight misses you.
The gnoll closely misses you.
Unknown command.
Found 11 gold pieces.
The wight attacks as it pursues you! The wight barely misses you.
The gnoll barely misses you.
The gnoll hits you from afar with a +0 halberd!
You die...

##$....##
#.......## ##
.............##
#.........#...#
#.............
............
..........#
.#.....z@##
#..(..g.z.#
......gzg.#
#..g...<..#
..........#
..........#
#.[.!....## #####
###.....#######...#
####.......)....##


You could see 3 wights and 4 gnolls.

Vanquished Creatures
  An ice beast (D:5)
  A centaur (D:6)
  2 ogres
  A gnoll sergeant (D:6)
  A scorpion (D:4)
  3 hounds
  A sleepcap (D:4)
  3 iguanas
  6 gnolls
  2 adders
  A shadow imp (D:5)
  A white imp (D:5)
  2 ufetubi (D:6)
  A worm (D:2)
  A dart slug (D:1)
  4 orcs (D:4)
  8 endoplasms
  5 giant cockroaches
  15 goblins
  5 hobgoblins
  8 kobolds
  4 quokkas
  3 ball pythons
  10 bats
  5 frilled lizards
  5 rats
99 creatures vanquished.

Notes
Turn   | Place    | Note
-------+----------+-------------------------------------------
     0 | D:1      | Anonymone the Demonspawn Venom Mage began the quest for the
                  | Orb.
     0 | D:1      | Reached XP level 1. HP: 13/13 MP: 3/3
    79 | D:1      | Reached skill level 1 in Transmutations
   308 | D:1      | Gained mutation: You sometimes gain a little power by
                  | taking damage. [demonic ancestry]
   308 | D:1      | Reached XP level 2. HP: 19/19 MP: 3/5
   479 | D:1      | Learned a level 2 spell: Poisonous Vapours
  1140 | D:1      | Reached XP level 3. HP: 19/24 MP: 0/6
  2163 | D:3      | Learned a level 3 spell: Mephitic Cloud
  2324 | D:3      | Gained mutation: Your touch may inflict minor irresistible
                  | damage on your foes. [demonic ancestry]
  2324 | D:3      | Reached XP level 4. HP: 30/30 MP: 0/8
  2673 | D:3      | Reached skill level 1 in Air Magic
  3324 | D:4      | Noticed a scorpion
  3333 | D:4      | Killed a scorpion
  3334 | D:4      | Gained mutation: You have an unusually large brain. (Int
                  | +2) [demonic ancestry]
  3334 | D:4      | Reached XP level 5. HP: 35/35 MP: 2/9
  3718 | D:4      | Reached skill level 1 in Conjurations
  3727 | D:4      | Found a staircase to the Ecumenical Temple.
  3733 | Temple   | Entered the Ecumenical Temple
  3746 | Temple   | Became a worshipper of Vehumet
  3985 | D:4      | Reached skill level 1 in Axes
  4080 | D:4      | Found a snail-covered altar of Cheibriados.
  4272 | D:4      | Gained mutation: You sometimes gain power by taking damage.
                  | [demonic ancestry]
  4272 | D:4      | Reached XP level 6. HP: 25/41 MP: 1/10
  4407 | D:5      | Entered Level 5 of the Dungeon
  5249 | D:6      | Noticed an ice beast
  5271 | D:5      | Killed an ice beast
  5272 | D:5      | Gained mutation: You have an extremely huge brain. (Int +4)
                  | [demonic ancestry]
  5272 | D:5      | Reached XP level 7. HP: 41/46 MP: 0/11
  5277 | D:5      | Learned a level 4 spell: Olgreb's Toxic Radiance
  5790 | D:6      | HP: 2/43 [wight/+3 dagger (6)]
  5792 | D:6      | Mangled by a gnoll

Illustrated notes

Levels and vault maps discovered:
D:1:      eino_arrival_druids_welcome, layout_basic, nicolae_hexahallways,
          grunt_decor_fettered, chequers_serial_rivers_room_b,
          serial_bayou_pond_e, st_stairs_12
D:2:      layout_rooms
D:3:      kennysheep_the_goblin_king, layout_loops_corners, corner_web_ring
D:4:      layout_cave_pools, lemuel_coloured_pillars_altar, temple_green
D:5:      layout_rooms
D:6:      layout_rooms, serial_aquarium, aquarium_bridge_square
          [aquarium_subvault_bridge, aquarium_subvault_bridge,
          aquarium_subvault_wall, aquarium_subvault_bridge],
          aquarium_window_double, aquarium_window_corner, aquarium_window_fake,
          aquarium_window_3, aquarium_view_2c, aquarium_view_2b
Temple:   nicolae_temple_bog_church

Skill      XL: |  1  2  3  4  5  6  7 |
---------------+----------------------+-----
Transmutations | 1 |  1.8
Stealth        | 2 |  2.0
Dodging        | 2 |  2.0
Air Magic      | 2 3 |  3.9
Conjurations   | 2 3 4 |  4.0
Axes           | 1 2 3 |  3.1
Poison Magic   | 4 |  4.6
Spellcasting   | |  2.7

Action                     |  1- 3 |  4- 6 |  7- 9 || total
---------------------------+-------+-------+-------++-------
  Melee: Unarmed           |    19 |     6 |       ||    25
         Touch             |       |     2 |     2 ||     4
         Punch             |       |     1 |       ||     1
         Hand axe          |       |    13 |    18 ||    31
   Cast: Sting             |    94 |    86 |    21 ||   201
         Poisonous Vapours |       |    17 |     7 ||    24
         Mephitic Cloud    |       |     2 |     4 ||     6
    Use: Scroll            |     3 |    10 |     1 ||    14
         Potion            |     2 |     2 |       ||     4
   Stab: Confused          |       |       |     1 ||     1
 Armour: Robe              |    26 |    36 |    21 ||    83
  Dodge: Dodged            |    38 |    52 |    36 ||   126

Table legend: (Time is in decaauts)
 A = Elapsed time spent in this place.
 B = Non-inter-level travel time spent in this place.
 C = Inter-level travel time spent in this place.
 D = Time resting spent in this place.
 E = Time spent auto-exploring this place.
 F = Levels seen in this place.
 G = Mean time per level.
                   A        B        C        D        E       F      G
               +--------+--------+--------+--------+--------+-----+--------+
         Total |   5801 |   5606 |    195 |    479 |   4329 |   7 |  828.7 |
       Dungeon |   5774 |   5603 |    171 |    479 |   4329 |   6 |  962.3 |
        Temple |     26 |      2 |     24 |      0 |      0 |   1 |   26.0 |
               +--------+--------+--------+--------+--------+-----+--------+

Top non-repeatable levels by time:
     D:1: 1505 daAuts
     D:3: 1180 daAuts
     D:5: 1178 daAuts
     D:4: 1065 daAuts
     D:2: 632 daAuts
     D:6: 212 daAuts
  Temple: 26 daAuts
